 Dungeon Crawl Stone Soup version 0.21-a0-33-g8b44e26 (webtiles) character file.

1704473 Gridlocked the Slayer (level 27, 318/318 HPs)
             Began as a Demonspawn Fighter on May 26, 2017.
             Was a High Priest of Qazlal.
             Escaped with the Orb
             ... and 3 runes on May 27, 2017!
             The game lasted 07:06:48 (75270 turns).

Gridlocked the Slayer (Demonspawn Fighter)         Turns: 75270, Time: 07:06:49

Health: 318/318    AC: 30    Str: 30    XL:     27
Magic:  39/39      EV: 22    Int: 16    God:    Qazlal [*****.]
Gold:   3101       SH: 27    Dex: 19    Spells: 26/26 levels left

rFire    + + .     SeeInvis +   Z - +7 double sword of No Interval {venom, rC+ Dex+7}
rCold    + + .     Gourm    .   I - +2 shield of Resistance {rF+ rC+ MR+}
rNeg     + . .     Faith    .   W - +8 fire dragon scales
rPois    +         Spirit   .   E - +3 crown of Dyrovepreva {rElec Int+2 SInv}
rElec    +         Reflect  +   m - scarf "Xypoyh" {rN+ Regen+}
rCorr    .         Harm     .   Y - +2 pair of gloves {archery}
MR       +++++     Clarity  +   (boots unavailable)
Stlth    +.........             b - +2 amulet of reflection
Regen    1.9/turn               G - ring "Yvoliah" {rElec rF- MR+ Int+4}
MPRegen  0.3/turn               N - ring of protection from magic

@: repel missiles
A: horns 1, talons 3, slimy green scales 3, camouflage 1, blink, blurry vision
1, clarity, clumsy 1, cold resistance 1, deformed body, demonic guardian 3, foul
stench 2, mutation resistance 1, sense surroundings 1, regeneration 2, robust 3,
shaggy fur 2, strong 1, no potion heal 1, rot immunity, subdued magic 1
0: Orb of Zot
}: 3/15 runes: serpentine, barnacled, silver
a: Blink, Upheaval, Elemental Force, Disaster Area, Renounce Religion


You escaped.
You worshipped Qazlal.
Qazlal was extremely pleased with you.
You were not hungry.

You visited 10 branches of the dungeon, and saw 50 of its levels.
You visited the Abyss 1 time.
You visited 1 bazaar.
You also visited: Labyrinth, Sewer, Ice Cave and Desolation.

You collected 7119 gold pieces.
You spent 4018 gold pieces at shops.

Inventory:

Hand Weapons
 S - the +9 heavy crossbow "Sniper" {velocity, Acc+∞ SInv}
   (You found it in an ice cave)

   Any bolt fired from it inflicts extra damage.
   It lets you see invisible.
 Z - the +7 double sword of No Interval (weapon) {venom, rC+ Dex+7}
   (You acquired it on level 3 of the Lair of Beasts)

   It poisons the flesh of those it strikes.
   It affects your dexterity (+7).
   It protects you from cold.
Missiles
 U - 2035 bolts
Armour
 c - the +3 warlock's mirror {reflect}
   (You found it on level 5 of the Vaults)
 m - the scarf "Xypoyh" (worn) {rN+ Regen+}
   (You found it on level 4 of the Dungeon)

   It protects you from negative energy.
   It increases your rate of regeneration.
 E - the +3 crown of Dyrovepreva (worn) {rElec Int+2 SInv}
   (You found it on level 5 of the Vaults)

   It affects your intelligence (+2).
   It insulates you from electricity.
   It lets you see invisible.
 I - the +2 shield of Resistance (worn) {rF+ rC+ MR+}
   (You took it off a deep elf demonologist on level 3 of the Elven Halls)

   It protects you from fire.
   It protects you from cold.
   It affects your resistance to hostile enchantments.
 W - +8 fire dragon scales (worn)
 Y - a +2 pair of gloves of archery (worn)
Jewellery
 a - the amulet "Saohuk" {+Rage rF+ Int+3}
   (You took it off Bai Suzhen on level 3 of the Elven Halls)

   [amulet of rage]

   It affects your intelligence (+3).
   It protects you from fire.
   It lets you go berserk.
 b - a +2 amulet of reflection (around neck)
 C - the ring of Fala {-Tele rC+ Int+4 SInv}
   (You found it on level 3 of the Elven Halls)

   [ring of see invisible]

   It affects your intelligence (+4).
   It protects you from cold.
   It lets you see invisible.
   It prevents most forms of teleportation.
 G - the ring "Yvoliah" (left hand) {rElec rF- MR+ Int+4}
   (You bought it in a shop on level 3 of the Snake Pit)

   [ring of protection from magic]

   It affects your intelligence (+4).
   It makes you vulnerable to fire.
   It insulates you from electricity.
   It affects your resistance to hostile enchantments.
 N - a ring of protection from magic (right hand)
 P - the ring "Ceschigh" {rN++ Str+3 Dex-3}
   (You found it in the Desolation of Salt)

   [ring of strength]

   It affects your strength (+3).
   It affects your dexterity (-3).
   It greatly protects you from negative energy.
 T - the ring "Yxoih" {*Tele MR+ Str+4 Int+5}
   (You found it on level 5 of the Vaults)

   [ring of teleportation]

   It may teleport you next to monsters.
   It affects your strength (+4).
   It affects your intelligence (+5).
   It affects your resistance to hostile enchantments.
 V - the ring "Luzuefun" {rCorr Dex+3}
   (You took it off a deep elf death mage on level 3 of the Elven Halls)

   [ring of resist corrosion]

   It affects your dexterity (+3).
Wands
 j - a wand of enslavement (24/24)
 u - a wand of lightning (15/15)
 v - a wand of scattershot (9/9)
 y - a wand of disintegration (21/24)
 A - a wand of paralysis (24/24)
 F - a wand of acid (9/15)
 M - a wand of iceblast (15/15)
 Q - a wand of confusion (20/48)
Scrolls
 h - 6 scrolls of enchant armour
 n - 9 scrolls of fear
 o - 15 scrolls of remove curse
 r - a scroll of magic mapping
 s - 3 scrolls of enchant weapon
 w - 6 scrolls of blinking
 D - a scroll of summoning
 L - 3 scrolls of immolation
 O - 15 scrolls of teleportation
 R - 2 scrolls of silence
Potions
 d - 10 potions of might
 e - 10 potions of flight
 g - 2 potions of cancellation
 i - a potion of invisibility
 l - 5 potions of agility
 p - 11 potions of curing
 q - a potion of haste
 x - 2 potions of resistance
 z - a potion of berserk rage
Miscellaneous
 J - a lightning rod (4/4)
Comestibles
 f - 22 bread rations
 B - 12 meat rations
 H - 6 royal jellies
 K - 21 fruits


   Skills:
 * Level 26.0 Fighting
 + Level 19.4 Long Blades
   Level 3.5 Axes
 - Level 14.9 Armour
 + Level 14.3 Dodging
 - Level 15.5 Shields
 + Level 25.0 Invocations
 + Level 20.5 Evocations


You had 26 spell levels left.
You didn't know any spells.

Dungeon Overview and Level Annotations

Branches:
Dungeon (15/15)            Temple (1/1) D:6            Lair (6/6) D:8
 Shoals (4/4) Lair:3        Snake (4/4) Lair:2        Slime (0/5) Lair:6
    Orc (2/2) D:10            Elf (3/3) Orc:2        Vaults (5/5) D:13
  Crypt (0/3) Vaults:3     Depths (5/5) D:15            Zot (5/5) Depths:5

Altars:
Ashenzari
Cheibriados
Dithmenos
Elyvilon
Fedhas
Gozag
Hepliaklqana
Kikubaaqudgha
Makhleb
Nemelex Xobeh
Okawaru
Qazlal
Ru
Sif Muna
Trog
Uskayaw
Vehumet
Wu Jian
Xom
Yredelemnul
Zin
The Shining One
Beogh

Shops:
D:7 *[   D:8 [   D:11 ?   D:14 %   Orc:2 [(*:%   Elf:2 (   Elf:3 [   Shoals:1 %
Snake:3 =}=   Vaults:1 ?   Depths:5 *

Portals:
Hell: Depths:1 Depths:2 Depths:3 Depths:4 Depths:5
Abyss: Depths:4
Pandemonium: Depths:2 Depths:3 Depths:4
Ziggurat: Depths:5

Annotations:
D:14 1 exclusion


Innate Abilities, Weirdness & Mutations

You have claws for feet.
You are completely covered in slimy green scales. (AC +4, rPois)
A powerful demonic guardian rushes to your aid.
You frequently emit foul miasma when damaged in melee.
You are extremely robust. (+30% HP)
You are immune to rotting.
You have a pair of small horns on your head.
Your skin changes colour to match your surroundings (Stealth+).
You can translocate small distances at will.
Scrolls take you a little longer to read.
You possess an exceptional clarity of mind.
You are clumsy. (Dex -2)
Your flesh is cold resistant. (rC+)
Armour fits poorly on your strangely shaped body.
You are somewhat resistant to further mutation.
You passively map a small area around you.
You heal very quickly.
You are covered in thick fur. (AC +2)
Your muscles are strong. (Str +2)
Potions are less effective at restoring your health.
Your spells are a little easier to cast, but a little less powerful.


Message History

There is a stone staircase leading down here.
Things that are here:
a flail; a dagger
There is a stone staircase leading up here.
You climb upwards.
There is a stone staircase leading down here.
There's nothing to close nearby.
You eat one of the 7 royal jellies.
That royal jelly was delicious!
A ynoxinul comes into view.
The ynoxinul gestures.
You hit the ynoxinul. You claw the ynoxinul. You headbutt the ynoxinul.
The ynoxinul is moderately wounded.
You block the ufetubus's attack. x2
You slice the ynoxinul!!
You kill the ynoxinul!
Qazlal accepts your kill.
The ufetubus disappears in a puff of smoke! x2
There is an open gate here.
There is a staircase leading out of the dungeon here.
You have escaped!

#######
#..@..#
##§..##
#.###.#
#8'''8#
###.###
#.# #.#
#.# #.#


There were no monsters in sight!

Vanquished Creatures
  5 ancient liches
  9 orbs of fire (Zot:5)
  Bai Suzhen (Elf:3)
  Frederick (Depths:3)
  Vashnia (Snake:4)
  2 Killer Klowns (Zot:5)
  The ghost of AlphabetPasta the Bewitcher, a veteran HOEn of Dithmenos (Depths:2)
  A bone dragon (Depths:4)
  5 golden dragons
  the Enchantress (Depths:1)
  A Tzitzimitl (Depths:1)
  4 electric golems
  A Brimstone Fiend (Depths:1)
  5 pandemonium lords
  The ghost of wearedevo the Executioner, an adept HOAK of Lugonu (Desolation)
  15 tentacled monstrosities
  Rupert (D:12)
  3 deep elf blademasters
  30 Orb Guardians
  A titan (Vaults:5)
  5 liches
  5 quicksilver dragons
  4 sphinxes
  Gastronok (D:9)
  2 krakens
  9 death cobs
  11 shadow dragons
  2 Executioners
  2 tentacled starspawn (Abyss:5)
  Agnes (Orc:2)
  21 storm dragons
  2 tengu reavers
  Ilsuiw (Shoals:4)
  10 draconian monks
  10 nagarajas
  Roxanne (D:15)
  5 fire giants
  7 iron dragons
  11 frost giants
  An orc warlord (Orc:2)
  6 draconian knights
  Aizul (Elf:3)
  7 deep elf sorcerers
  3 imperial myrmidons (Desolation)
  3 balrugs (Depths:1)
  2 ghost moths
  6 draconian stormcallers
  An angel (Abyss:5)
  11 draconian scorchers
  5 vault wardens
  A warmonger (D:15)
  6 draconian shifters
  3 deep elf elementalists
  15 ironheart preservers
  A reaper (Depths:1)
  7 large abominations
  6 draconian annihilators
  A blood saint (Depths:1)
  16 stone giants
  2 war gargoyles
  A juggernaut skeleton (Depths:4)
  3 spriggan defenders
  29 very ugly things
  3 vampire knights
  A caustic shrike skeleton (Depths:4)
  An entropy weaver (D:11)
  13 green draconians
  10 black draconians
  13 red draconians
  11 white draconians
  2 halazid warlocks (Desolation)
  2 black suns
  8 deep elf demonologists
  2 lorocyprocas
  14 deep elf annihilators
  8 yellow draconians
  6 spark wasps
  17 purple draconians
  12 deep elf death magi
  9 ettins
  3 blizzard demons
  An eidolon (Abyss:5)
  2 jiangshi (Depths:2)
  2 merfolk javelineers
  12 merfolk impalers
  A minotaur (Lab)
  3 deep elf high priests
  4 fire dragons
  5 servants of whispers (Desolation)
  5 great orbs of eyes
  8 ragged hierophants (Desolation)
  10 yaktaur captains
  2 rakshasas
  28 vault guards
  4 spriggan air magi
  Fannar (D:11)
  12 ice dragons
  16 naga warriors
  4 monstrous demonspawn
  5 peacekeepers (Desolation)
  5 hydras
  4 merfolk avatars
  3 alligator snapping turtles
  2 death knights
  2 catoblepae
  15 anacondas
  4 merfolk aquamancers
  Erica (D:9)
  11 centaur warriors
  13 ogre magi
  44 two-headed ogres
  A vampire mage (Depths:1)
  7 deep troll earth magi
  7 tengu warriors
  6 deep troll shamans
  A death yak (IceCv)
  4 orc high priests
  23 dancing weapons
  6 spriggan berserkers
  Urug (D:14)
  3 shock serpents
  5 hell knights (Depths:2)
  7 thrashing horrors (Abyss:5)
  29 deep elf knights
  2 wretched stars (Abyss:5)
  A soul eater (Depths:4)
  8 naga sharpshooters
  5 sun demons
  3 storm dragon skeletons
  3 iron trolls
  A salamander mystic (Snake:4)
  2 titan skeletons (Depths:4)
  2 fire crabs (shapeshifter)
  25 skeletal warriors
  4 shadow wraiths
  13 sea snakes
  7 glowing orange brains
  4 flayed ghosts
  6 naga ritualists
  21 deep trolls
  8 unseen horrors
  2 swamp dragons (shapeshifter)
  A lindwurm (shapeshifter) (Vaults:5)
  An unseen horror (shapeshifter) (Depths:3)
  6 phantasmal warriors
  17 deep elf archers
  2 lindwurms (Lair:6)
  5 wizards
  3 infernal demonspawn
  3 golden dragon skeletons (Depths:4)
  23 harpies
  20 orc knights
  5 necromancers
  18 ironbrand convokers
  2 shadow dragon skeletons
  11 mana vipers
  5 salamanders
  4 wolf spiders
  An orb spider (Zot:2)
  4 fauns (Shoals:2)
  11 manticores
  84 deep elf magi
  4 oklob plants (Lair:1)
  10 orc sorcerers
  31 moths of wrath
  2 tengu skeletons (Depths:4)
  4 iron dragon skeletons
  30 ugly things
  A worldbinder (Abyss:5)
  7 cyclopes
  6 human skeletons
  2 rust devils
  4 water nymphs
  11 vault sentinels
  44 black mambas
  An elephant (shapeshifter) (Vaults:3)
  4 frost giant skeletons
  An ice statue (IceCv)
  19 guardian serpents
  A fire giant skeleton (Depths:4)
  7 torpor snails
  2 guardian serpents (shapeshifter)
  A molten gargoyle (Desolation)
  16 merfolk sirens
  19 naga magi
  A water nymph (shapeshifter) (Vaults:3)
  3 centaur zombies
  4 smoke demons
  13 spiny frogs
  2 spriggan skeletons (Depths:4)
  5 gargoyles
  2 centaur skeletons
  A rime drake (shapeshifter) (Depths:3)
  A kobold demonologist (Abyss:5)
  4 rime drakes
  A yaktaur (shapeshifter) (D:13)
  A tormentor (Depths:4)
  7 freezing wraiths
  2 efreet (Abyss:5)
  7 komodo dragons
  40 yaktaurs
  6 tengu conjurers
  8 ice devils
  3 ancient zymes (Abyss:5)
  2 yaktaur skeletons (Vaults:3)
  27 merfolk
  A red devil (Depths:4)
  8 hellwings
  2 jumping spiders
  A meliai (shapeshifter) (Vaults:5)
  18 polar bears
  13 trolls
  15 hornets
  A wind drake (shapeshifter) (Depths:1)
  A tengu simulacrum (Vaults:3)
  2 trolls (shapeshifter)
  3 wind drakes
  3 tyrant leeches (Lair:6)
  58 saltlings (Desolation)
  A hornet (shapeshifter) (Vaults:4)
  A harpy skeleton (D:15)
  A fire dragon zombie (Depths:1)
  9 snapping turtles
  A frost giant simulacrum (Vaults:3)
  21 slime creatures
  A snapping turtle (shapeshifter) (Vaults:4)
  7 dream sheep (Lair:5)
  10 raiju (Abyss:5)
  12 blink frogs
  12 hippogriffs
  2 meliai zombies
  5 spriggans
  A shadow (D:14)
  7 air elementals
  An ettin skeleton (Vaults:3)
  5 ynoxinuls
  6 wyverns
  A tarantella (shapeshifter) (Vaults:5)
  4 starcursed masses (Abyss:5)
  3 tarantellas (Zot:2)
  11 flying skulls (Depths:4)
  2 spriggans (shapeshifter)
  2 spriggan simulacra (Depths:1)
  6 wraiths
  62 yaks
  17 water elementals
  3 fire elementals
  A basilisk (Lair:4)
  2 chaos spawn
  A steam dragon (shapeshifter) (Depths:5)
  3 neqoxecs (Abyss:5)
  5 vampire mosquitoes
  A human (shapeshifter) (Vaults:2)
  6 hungry ghosts
  Menkaure (D:4)
  7 wargs
  A swamp worm (shapeshifter) (Vaults:5)
  An elf skeleton (Depths:4)
  57 nagas
  A water moccasin (shapeshifter) (Vaults:1)
  4 hell hounds (Abyss:5)
  3 acid dragons
  A floating eye (shapeshifter) (Elf:2)
  13 water moccasins
  A floating eye (Depths:2)
  9 porcupines
  A sky beast (D:10)
  A black bear (D:8)
  47 orc warriors
  10 boggarts
  A phantom (D:13)
  11 ice beasts
  5 small abominations
  An eye of draining (D:12)
  A deep troll simulacrum (Depths:1)
  26 ogres
  58 wolves
  22 centaurs
  12 crocodiles
  2 big kobolds
  A big kobold (shapeshifter) (Vaults:4)
  Blork the orc (Orc:2)
  2 gnoll sergeants
  A wyvern zombie (D:15)
  22 bullfrogs
  3 earth elementals
  A wyvern skeleton (D:11)
  A scorpion (D:6)
  An elf simulacrum (Vaults:1)
  13 wights
  14 killer bees
  6 electric eels
  A howler monkey (D:14)
  13 crimson imps
  A bullfrog zombie (D:11)
  2 quasits
  3 hounds
  4 bullfrog skeletons
  20 orc priests
  7 jellies
  Crazy Yiuf (D:7)
  7 iguanas
  37 orc wizards
  9 worker ants
  A hound zombie (D:6)
  A worker ant zombie (D:6)
  2 howler monkey skeletons
  16 adders
  5 gnolls
  3 river rats (Sewer)
  7 shadow imps
  6 white imps (Depths:1)
  5 oozes
  6 worms
  12 dart slugs
  8 leopard geckos
  97 orcs
  10 giant cockroaches
  9 goblins
  16 hobgoblins
  16 jackals
  23 kobolds
  2 quokkas
  3 ball pythons
  8 bats
  9 frilled lizards
  A quokka zombie (D:5)
  11 rats
  A bush (Lair:2)
  2 fungi
  A lurking horror (Abyss:5)
  2 pillars of salt (Vaults:1)
  22 plants
  2 starspawn tentacles (Abyss:5)
  5 tentacles
2649 creatures vanquished.

Vanquished Creatures (collateral kills)
  3 orbs of fire
  A juggernaut (Depths:5)
  A pandemonium lord (Depths:1)
  A golden dragon (Depths:5)
  2 tentacled monstrosities
  An Orb Guardian (Zot:5)
  A deep elf master archer (Elf:3)
  A titan (Vaults:4)
  A deep elf blademaster (Elf:3)
  A quicksilver dragon (Depths:2)
  A tengu reaver (Vaults:5)
  A shadow dragon (Vaults:5)
  A draconian scorcher (Zot:2)
  A draconian knight (Zot:3)
  2 vault wardens
  A ghost moth (Zot:3)
  A deep elf sorcerer (Vaults:4)
  A draconian annihilator (Zot:3)
  2 draconian shifters
  A draconian stormcaller (Zot:5)
  A spriggan defender (Depths:1)
  3 very ugly things
  An ironheart preserver (Vaults:4)
  A caustic shrike skeleton (Depths:4)
  A green draconian (Zot:5)
  2 deep elf annihilators
  5 yellow draconians
  2 red draconians
  A purple draconian (Zot:4)
  2 black draconians
  A merfolk javelineer (Shoals:4)
  A crystal guardian (Vaults:4)
  An ettin (Vaults:5)
  A ragged hierophant (Desolation)
  A yaktaur captain (Vaults:5)
  2 fire dragons
  A vault guard (Vaults:5)
  2 ice dragons
  A spriggan air mage (Depths:5)
  2 peacekeepers (Desolation)
  An alligator snapping turtle (Shoals:4)
  2 centaur warriors (Depths:3)
  2 deep troll shamans
  2 dancing weapons (Elf:2)
  3 two-headed ogres
  A deep troll earth mage (Depths:3)
  An ogre mage (Depths:3)
  A tengu warrior (D:15)
  A soul eater (Depths:4)
  2 deep elf knights
  A spriggan berserker (Depths:2)
  A titan skeleton (Depths:4)
  5 skeletal warriors (Depths:4)
  A shadow wraith (Vaults:4)
  A sixfirhy (Depths:1)
  An iron troll (Depths:5)
  7 deep trolls
  3 deep elf archers
  2 ironbrand convokers
  5 ugly things
  3 deep elf magi
  A tengu skeleton (Depths:4)
  A moth of wrath (shapeshifter) (Vaults:5)
  A guardian serpent (Desolation)
  A molten gargoyle (Desolation)
  2 yaktaurs
  A troll (Elf:1)
  A hornet (Lair:6)
  10 saltlings (Desolation)
  2 blink frogs (Lair:6)
  2 spriggans (Depths:1)
  5 yaks
  A hungry ghost (D:12)
  A neqoxec (Abyss:5)
  A basilisk (Lair:4)
  A large abomination (Abyss:5)
  A naga (Snake:3)
  2 water moccasins
  An ice beast (Lair:3)
  A porcupine (D:8)
  A black bear (D:6)
  2 ogres
  3 centaurs
  2 wolves
  2 crocodiles
  A big kobold (Sewer)
  2 scorpions
  A crimson imp (D:7)
  A starcursed mass (Abyss:5)
  A jelly (D:4)
  4 orc wizards
  A worker ant (D:6)
  A hound skeleton (D:11)
  2 gnolls (D:5)
  A shadow imp (D:14)
  A white imp (Depths:1)
  An ufetubus (Depths:4)
  A worm (D:3)
  7 orcs
174 creatures vanquished.

Vanquished Creatures (others)
  2 deep elf master archers (Elf:3)
  A draconian knight (Zot:3)
  A ghost moth (Zot:4)
  A draconian shifter (Zot:1)
  2 stone giants
  An ironheart preserver (Vaults:5)
  2 merfolk javelineers (Shoals:4)
  6 yaktaur captains
  A naga sharpshooter (Snake:4)
  A dancing weapon (Elf:2)
  A vampire mage (Depths:2)
  A shadow wraith (Vaults:2)
  An ironbrand convoker (Desolation)
  5 deep elf archers
  2 deep elf magi
  3 fauns (Shoals:2)
  A moth of wrath (Zot:5)
  A smoke demon (Depths:1)
  11 yaktaurs
  An orc warrior (Elf:1)
  An ogre (Depths:2)
  4 centaurs
  2 boggarts (Vaults:1)
  A crimson imp (Depths:1)
  5 fungi
  24 plants
  7 starspawn tentacles (Abyss:5)
  17 tentacles
106 creatures vanquished.

Grand Total: 2929 creatures vanquished

Notes
Turn   | Place    | Note
-------+----------+-------------------------------------------
     0 | D:1      | Gridlocked the Demonspawn Fighter began the quest for the Orb.
     0 | D:1      | Reached XP level 1. HP: 18/18 MP: 1/1
    73 | D:1      | Gained mutation: A weak demonic guardian rushes to your aid. [demonic ancestry]
    73 | D:1      | Reached XP level 2. HP: 18/24 MP: 2/2
   581 | D:1      | Gained mutation: You are immune to rotting. [demonic ancestry]
   581 | D:1      | Reached XP level 3. HP: 22/29 MP: 3/3
  1201 | D:2      | Gained mutation: You may emit foul miasma when damaged in melee. [demonic ancestry]
  1201 | D:2      | Reached XP level 4. HP: 33/37 MP: 4/4
  1845 | D:3      | Found a glowing drain.
  1879 | Sewer    | Entered a sewer
  2083 | Sewer    | Reached XP level 5. HP: 35/42 MP: 5/5
  2095 | Sewer    | Reached skill level 4 in Fighting
  3162 | D:3      | Gained mutation: You have sharp toenails. [demonic ancestry]
  3162 | D:3      | Reached XP level 6. HP: 18/49 MP: 6/6
  3981 | D:4      | Noticed Menkaure
  4006 | D:4      | HP: 2/49 [Menkaure/nerve-wracking pain (2)]
  4310 | D:4      | Killed Menkaure
  4656 | D:4      | Found an ancient bone altar of Kikubaaqudgha.
  4895 | D:4      | Reached skill level 1 in Long Blades
  4895 | D:4      | Gained mutation: You are partially covered in slimy green scales. (AC +2) [demonic ancestry]
  4895 | D:4      | Reached XP level 7. HP: 54/55 MP: 7/7
  5213 | D:4      | Got an ichor-stained scarf
  5219 | D:4      | Identified the cursed scarf "Xypoyh" {rN+ Regen+} (You found it on level 4 of the Dungeon)
  5254 | D:5      | Entered Level 5 of the Dungeon
  5339 | D:5      | Reached skill level 5 in Fighting
  6223 | D:6      | Reached skill level 5 in Shields
  6412 | D:6      | Gained mutation: You have razor-sharp toenails. [demonic ancestry]
  6412 | D:6      | Reached XP level 8. HP: 64/64 MP: 8/8
  6762 | D:6      | Found a staircase to the Ecumenical Temple.
  6997 | Temple   | Entered the Ecumenical Temple
  7148 | Temple   | Became a worshipper of Qazlal Stormbringer
  7404 | D:7      | Found a runed door.
  7662 | D:7      | Reached skill level 6 in Fighting
  7662 | D:7      | Reached skill level 5 in Armour
  7806 | D:7      | Found Liussyne's Assorted Antiques.
  7822 | D:7      | Bought a scroll of identify for 44 gold pieces
  7822 | D:7      | Bought a scroll labeled MUWINE SIUSUN for 22 gold pieces
  7846 | D:7      | Noticed a hippogriff
  7847 | D:7      | Found Feukh's Antique Armour Boutique.
  7862 | D:7      | Killed a hippogriff
  7884 | D:7      | Bought a faintly glowing helmet for 332 gold pieces
  7889 | D:7      | Identified the +2 helmet of the Hurricane {+Inv rElec MR- Regen+} (You bought it in a shop on level 7 of the Dungeon)
  8761 | D:7      | Gained mutation: You are mostly covered in slimy green scales. (AC +3) [demonic ancestry]
  8761 | D:7      | Reached XP level 9. HP: 67/71 MP: 9/9
  8786 | D:7      | Noticed Crazy Yiuf
  8789 | D:7      | Killed Crazy Yiuf
  8861 | D:8      | Reached * piety under Qazlal
  8907 | D:8      | Reached skill level 7 in Fighting
  9221 | D:8      | Found Qiuxakli's Antique Armour Shop.
  9279 | D:8      | Reached skill level 1 in Invocations
  9279 | D:8      | Reached skill level 1 in Evocations
  9382 | D:8      | Found a staircase to the Lair.
  9785 | D:8      | You fall through a shaft for 3 floors!
  9785 | D:11     | Noticed a four-headed hydra
  9787 | D:11     | Noticed an entropy weaver
  9787 | D:11     | a four-headed hydra changed into an entropy weaver
  9813 | D:11     | Killed an entropy weaver
  9813 | D:11     | Reached skill level 5 in Long Blades
  9813 | D:11     | Reached XP level 10. HP: 55/79 MP: 10/12
  9921 | D:11     | Killed an unseen horror
 10096 | D:11     | Noticed a two-headed ogre
 10102 | D:11     | Killed a two-headed ogre
 10148 | D:11     | Noticed a two-headed ogre
 10157 | D:11     | Killed a two-headed ogre
 10157 | D:11     | Reached skill level 8 in Fighting
 10157 | D:11     | Reached skill level 5 in Invocations
 10200 | D:10     | Entered Level 10 of the Dungeon
 10348 | D:10     | Reached ** piety under Qazlal
 10443 | D:10     | Found a staircase to the Orcish Mines.
 10699 | D:10     | Killed an unseen horror
 10853 | D:10     | Gained mutation: You are robust. (+10% HP) [demonic ancestry]
 10853 | D:10     | Reached XP level 11. HP: 80/95 MP: 15/15
 11438 | D:9      | Noticed Erica
 11452 | D:9      | Killed Erica
 11553 | D:9      | Reached *** piety under Qazlal
 11674 | D:9      | Reached skill level 5 in Evocations
 11722 | D:9      | Noticed Gastronok
 11730 | D:9      | Killed Gastronok
 11802 | D:9      | You fall through a shaft for 2 floors!
 11928 | D:11     | Noticed Fannar
 11947 | D:11     | Killed Fannar
 11947 | D:11     | Reached skill level 9 in Fighting
 11999 | D:11     | You fall through a shaft for 2 floors!
 12326 | D:11     | Found Vireatyh's Magic Scroll Boutique.
 12692 | D:12     | Noticed Rupert
 12907 | D:12     | Reached **** piety under Qazlal
 13044 | D:12     | Reached XP level 12. HP: 104/104 MP: 18/18
 13092 | D:12     | Noticed a centaur warrior
 13104 | D:12     | Killed a centaur warrior
 13280 | D:11     | Noticed a two-headed ogre
 13282 | D:11     | Killed a two-headed ogre
 13338 | D:12     | Killed Rupert
 14198 | D:8      | Bought a polished plate armour for 532 gold pieces
 14208 | D:8      | Identified the +1 plate armour "Tariczakh" {rF+ Str+2} (You bought it in a shop on level 8 of the Dungeon)
 14400 | Lair:1   | Entered Level 1 of the Lair of Beasts
 14853 | Lair:1   | Reached skill level 10 in Fighting
 15372 | Lair:2   | Noticed a catoblepas
 15386 | Lair:2   | Killed a catoblepas
 15551 | Lair:2   | Found a staircase to the Snake Pit.
 15621 | Lair:2   | Reached skill level 10 in Invocations
 15621 | Lair:2   | Gained mutation: You have claws for feet. [demonic ancestry]
 15621 | Lair:2   | Reached XP level 13. HP: 102/113 MP: 20/20
 15646 | Lair:2   | Reached skill level 10 in Shields
 15845 | Lair:2   | Identified a scroll of acquirement
 17402 | Lair:3   | Found a frozen archway.
 17411 | Lair:3   | Reached ***** piety under Qazlal
 17444 | IceCv    | Entered an ice cave
 18094 | IceCv    | Noticed a frost giant
 18104 | IceCv    | Killed a frost giant
 18654 | Lair:3   | Found a staircase to the Shoals.
 19102 | Lair:3   | Reached skill level 11 in Fighting
 19239 | Lair:4   | Gained mutation: You are completely covered in slimy green scales. (AC +4, rPois) [demonic ancestry]
 19239 | Lair:4   | Reached XP level 14. HP: 124/124 MP: 22/22
 19258 | Lair:4   | Reached skill level 10 in Armour
 19305 | Lair:4   | Found a labyrinth entrance.
 19316 | Lab      | Entered a labyrinth
 19753 | Lab      | Identified Ilue's Tome of the Voyage
 19773 | Lab      | Identified the Disquisition on Evil Rituals
 19830 | Lair:4   | You fall through a shaft!
 20590 | Lair:5   | Reached ****** piety under Qazlal
 21277 | Lair:6   | Entered Level 6 of the Lair of Beasts
 21553 | Lair:6   | Found a staircase to the Slime Pits.
 21730 | Lair:6   | Reached skill level 10 in Long Blades
 21915 | Lair:6   | Found a runed door.
 22015 | Lair:6   | Reached skill level 10 in Evocations
 22690 | Lair:6   | Upgraded the game from 0.21-a0-29-g43b3074 to 0.21-a0-30-g494ec52
 22841 | D:8      | Bought a dazzling ring mail for 171 gold pieces
 22858 | D:8      | Identified the +5 ring mail of the Eternal Void {Str+3} (You bought it in a shop on level 8 of the Dungeon)
 22860 | D:8      | Bought a smoking chain mail for 180 gold pieces
 22873 | D:8      | Identified the +2 chain mail of the Stars {rPois} (You bought it in a shop on level 8 of the Dungeon)
 22984 | Orc:1    | Entered Level 1 of the Orcish Mines
 23066 | Orc:1    | Found a roughly hewn altar of Beogh.
 23143 | Orc:1    | Paralysed by an orc sorcerer for 4 turns
 23713 | Orc:2    | Entered Level 2 of the Orcish Mines
 23837 | Orc:2    | Noticed a stone giant
 23880 | Orc:2    | Killed a stone giant
 23880 | Orc:2    | Reached XP level 15. HP: 101/132 MP: 24/24
 23994 | Orc:2    | Noticed an orc warlord
 24060 | Orc:2    | Killed an orc warlord
 24060 | Orc:2    | Reached skill level 12 in Fighting
 24118 | Orc:2    | Noticed Blork the orc
 24120 | Orc:2    | Found a roughly hewn altar of Beogh.
 24135 | Orc:2    | Killed Blork the orc
 24204 | Orc:2    | Found Bume's Antique Weapon Emporium.
 24252 | Orc:2    | Found Erehim's Book Emporium.
 24260 | Orc:2    | Found Qiwnyuho's General Store.
 24270 | Orc:2    | Found Tepir's Antique Armour Emporium.
 24395 | Orc:2    | Found a staircase to the Elven Halls.
 24649 | Orc:2    | Found Reev's Food Boutique.
 25315 | Snake:1  | Entered Level 1 of the Snake Pit
 26132 | Snake:1  | Gained mutation: You evolve. [potion of mutation]
 26132 | Snake:1  | Gained mutation: Your flesh is cold resistant. (rC+) [potion of mutation]
 28039 | Snake:3  | Reached XP level 16. HP: 133/141 MP: 26/26
 28637 | Snake:3  | Found Rimnere's Jewellery Shop.
 28638 | Snake:3  | Found Vedghug's Gadget Emporium.
 28639 | Snake:3  | Found Beennor's Jewellery Shop.
 28668 | Snake:3  | Bought a cursed -2 ring of slaying for 22 gold pieces
 28668 | Snake:3  | Bought the ring "Yvoliah" {rElec rF- MR+ Int+4} for 444 gold pieces
 28668 | Snake:3  | Bought a cursed ring of loudness for 49 gold pieces
 28668 | Snake:3  | Bought a cursed ring of teleportation for 49 gold pieces
 28668 | Snake:3  | Bought a +2 amulet of reflection for 82 gold pieces
 28696 | Snake:3  | Gained mutation: Your magical capacity is low. (-10% MP) [mutagenic meat]
 28697 | Snake:3  | Gained mutation: You are covered in fur. (AC +1) [mutagenic meat]
 28699 | Snake:3  | Gained mutation: Your flesh is heat resistant. (rF+) [mutagenic meat]
 28701 | Snake:3  | Gained mutation: You have a pair of small horns on your head. [mutagenic meat]
 28704 | Snake:3  | Gained mutation: You are covered in thick fur. (AC +2) [mutagenic meat]
 29317 | Orc:2    | Bought a runed hat for 147 gold pieces
 29937 | Snake:4  | Entered Level 4 of the Snake Pit
 30017 | Snake:4  | Found a snail-covered altar of Cheibriados.
 30307 | Snake:4  | Noticed Vashnia
 30478 | Snake:3  | Reached skill level 13 in Fighting
 30547 | Snake:3  | Gained mutation: Your natural rate of healing is unusually fast. [mutagenic meat]
 30556 | Snake:3  | Gained mutation: You are very robust. (+20% HP) [mutagenic meat]
 30559 | Snake:3  | Lost mutation: Your flesh is heat resistant. (rF+) [mutagenic meat]
 31132 | Lair:2   | Lost mutation: Your magical capacity is low. (-10% MP) [evolution]
 31546 | D:13     | Found a gate to the Vaults.
 32376 | D:14     | Gained mutation: You heal very quickly. [mutagenic meat]
 32527 | D:14     | Found Ceimeteubb's Food Emporium.
 32531 | D:14     | Noticed Urug
 32575 | D:14     | Killed Urug
 33665 | D:15     | Entered Level 15 of the Dungeon
 33682 | D:15     | Reached XP level 17. HP: 164/164 MP: 28/28
 33718 | D:15     | Reached skill level 15 in Invocations
 33738 | D:15     | Gained mutation: You possess an exceptional clarity of mind. [mutagenic meat]
 33739 | D:15     | Lost mutation: You are very robust. (+20% HP) [mutagenic meat]
 33741 | D:15     | Gained mutation: Your muscles are strong. (Str +2) [mutagenic meat]
 33742 | D:15     | Gained mutation: You expend magic power (3 MP) to strengthen your wands. [mutagenic meat]
 33743 | D:15     | Gained mutation: You can translocate small distances at will. [mutagenic meat]
 33887 | D:15     | Lost mutation: You expend magic power (3 MP) to strengthen your wands. [mutagenic meat]
 34268 | D:15     | Found a staircase to the Depths.
 34384 | D:15     | Noticed Roxanne
 35117 | D:15     | Killed Roxanne
 35124 | D:15     | Identified Roxanne's Catalogue of Free Will (You took it off Roxanne on level 15 of the Dungeon)
 35415 | Shoals:1 | Entered Level 1 of the Shoals
 35728 | Shoals:1 | Found Yti Nuo's Food Boutique.
 37692 | Shoals:2 | Reached skill level 14 in Fighting
 37958 | Shoals:2 | Lost mutation: You evolve. [evolution]
 38886 | Lair:3   | Got a scorched double sword
 38887 | Lair:3   | Identified the +7 double sword of No Interval {venom, rC+ Dex+7} (You acquired it on level 3 of the Lair of Beasts)
 38920 | Lair:3   | Upgraded the game from 0.21-a0-30-g494ec52 to 0.21-a0-33-g8b44e26
 38986 | Shoals:4 | Entered Level 4 of the Shoals
 38993 | Shoals:4 | Noticed a kraken
 39237 | Shoals:4 | Noticed Ilsuiw
 39332 | Shoals:3 | Reached XP level 18. HP: 150/161 MP: 30/30
 39452 | Shoals:4 | Killed Ilsuiw
 39922 | Shoals:4 | Got a barnacled rune of Zot
 40055 | Shoals:3 | Found a basalt altar of Yredelemnul.
 41493 | Snake:4  | Reached skill level 15 in Fighting
 41867 | Snake:4  | Killed Vashnia
 41992 | Snake:4  | Got a serpentine rune of Zot
 42897 | Depths:1 | Entered Level 1 of the Depths
 43327 | Elf:1    | Entered Level 1 of the Elven Halls
 43336 | Elf:1    | Noticed Agnes
 43348 | Orc:2    | Killed Agnes
 43512 | Orc:2    | Gained mutation: A demonic guardian rushes to your aid. [demonic ancestry]
 43512 | Orc:2    | Reached XP level 19. HP: 70/170 MP: 31/31
 43661 | Elf:1    | Gained mutation: You are clumsy. (Dex -2) [a neqoxec]
 44651 | Elf:1    | Got a pair of steaming boots
 44677 | Elf:1    | Got a shimmering hand axe
 44678 | Elf:1    | Identified the cursed +3 hand axe of the Endless Expanse {freeze, +Inv rPois rF+ rC+} (You found it on level 1 of the Elven Halls)
 44847 | Elf:2    | Gained mutation: You passively map a small area around you. [mutagenic meat]
 44875 | Elf:2    | Reached skill level 16 in Fighting
 44989 | Elf:2    | Found Keeth's Antique Weapon Boutique.
 45027 | Elf:2    | Identified the Volume of the Traveller
 45116 | Elf:2    | Found a runed gate.
 45116 | Elf:2    | Found a runed gate.
 45116 | Elf:2    | Found a runed gate.
 45964 | Elf:3    | Entered Level 3 of the Elven Halls
 46195 | Elf:3    | Noticed Aizul
 46218 | Elf:3    | Killed Aizul
 46453 | Elf:3    | Found Luffejom's Armour Emporium.
 46565 | Elf:3    | Found a deep blue altar of Sif Muna.
 46665 | Elf:3    | Reached XP level 20. HP: 151/182 MP: 32/32
 46812 | Elf:3    | Reached skill level 17 in Fighting
 46995 | Elf:3    | Noticed Bai Suzhen
 47041 | Elf:3    | Killed Bai Suzhen
 47265 | Elf:3    | Identified the Compendium of Curses
 47334 | Elf:3    | Got an encrusted short sword {pain}
 47335 | Elf:3    | Identified the +4 short sword "Keijihom" {pain, rF++ MR+ Str-5 Dex+2} (You took it off a deep elf high priest on level 3 of the Elven Halls)
 47356 | Elf:3    | Got a smoking demon trident {drain}
 47357 | Elf:3    | Identified the +4 demon trident of Desertification {drain, +Rage rF+ rC+ SInv} (You took it off a deep elf demonologist on level 3 of the Elven Halls)
 47376 | Elf:3    | Got a warped pewter amulet
 47404 | Elf:3    | Got a scintillating pewter ring
 47410 | Elf:3    | Identified the ring "Luzuefun" {rCorr Dex+3} (You took it off a deep elf death mage on level 3 of the Elven Halls)
 47425 | Elf:3    | Identified the amulet "Saohuk" {+Rage rF+ Int+3} (You took it off Bai Suzhen on level 3 of the Elven Halls)
 47432 | Elf:3    | Got a fine battleaxe {drain}
 47432 | Elf:3    | Got a pitted quarterstaff {freeze}
 47438 | Elf:3    | Identified the +11 quarterstaff "Teobb" {freeze, rN++ Dex+5} (You took it off a deep elf annihilator on level 3 of the Elven Halls)
 47476 | Elf:3    | Identified the +9 battleaxe of Laut {drain, rPois rF+ rN+} (You took it off a deep elf death mage on level 3 of the Elven Halls)
 47529 | Elf:3    | Got a heavily runed bronze ring
 47533 | Elf:3    | Got a scintillating tin ring
 47585 | Elf:3    | Identified the ring "Haicloh" {*Tele *Slow rPois Int-3 SInv} (You took it off a deep elf blademaster on level 3 of the Elven Halls)
 47588 | Elf:3    | Identified the ring of Fala {-Tele rC+ Int+4 SInv} (You found it on level 3 of the Elven Halls)
 48504 | Depths:1 | Gained mutation: You are resistant to hostile enchantments. (MR+) [mutagenic meat]
 48508 | Depths:1 | Gained mutation: Scrolls take you a little longer to read. [mutagenic meat]
 48515 | Depths:1 | Lost mutation: Scrolls take you a little longer to read. [mutagenic meat]
 48972 | Depths:1 | Noticed the Enchantress
 49598 | Depths:1 | Killed the Enchantress
 49628 | Depths:1 | Got faerie dragon scales
 49639 | Depths:1 | Identified the +8 faerie dragon scales {MR- rCorr Int+2 Stlth+} (You took it off the Enchantress on level 1 of the Depths)
 50012 | Depths:1 | Found a gateway to Hell.
 50086 | Depths:2 | Reached skill level 15 in Shields
 50098 | Depths:2 | Reached XP level 21. HP: 158/193 MP: 34/34
 50314 | Depths:2 | Got a sapphire war axe
 50315 | Depths:2 | Identified the +6 war axe of Uklaxod {chop, Dex+3} (You found it on level 2 of the Depths)
 50380 | Depths:2 | Reached skill level 18 in Fighting
 50552 | Depths:2 | Noticed AlphabetPasta's ghost (veteran HOEn)
 50585 | Depths:2 | Killed AlphabetPasta's ghost
 50821 | Depths:2 | Reached skill level 15 in Evocations
 50992 | Depths:2 | Found a one-way gate leading to the halls of Pandemonium.
 51486 | Depths:2 | Got a slimy ring mail
 51497 | Depths:2 | Identified the +1 ring mail of a sewer {rCorr} (You acquired it on level 2 of the Depths)
 51932 | Depths:3 | Lost mutation: You are resistant to hostile enchantments. (MR+) [mutagenic meat]
 51934 | Depths:3 | Gained mutation: Your skin changes colour to match your surroundings (Stealth+). [mutagenic meat]
 51936 | Depths:3 | Gained mutation: You are somewhat resistant to further mutation. [mutagenic meat]
 52044 | Depths:3 | Noticed Frederick
 52058 | Depths:3 | Killed Frederick
 52295 | Depths:3 | Got a pitted chain mail
 52306 | Depths:3 | Identified the +9 chain mail "Ytuli" {-Cast rElec Str+3 Dex+6} (You found it on level 3 of the Depths)
 52656 | Depths:4 | Found a flickering gateway to a bazaar.
 52661 | Bazaar   | Entered a bazaar
 52664 | Bazaar   | Found Woyvoiwk's Magic Scroll Shop.
 52692 | Bazaar   | Found Caawkem's Weapon Shop.
 52722 | Bazaar   | Found Sylu's Food Shop.
 52722 | Bazaar   | Found Ucidujil's Antique Armour Boutique.
 52857 | Bazaar   | Bought a jewelled chain mail for 247 gold pieces
 52874 | Bazaar   | Identified the +1 chain mail "Xiqoopn" {rF+} (You bought it in a shop in a bazaar)
 52889 | Bazaar   | Bought runed fire dragon scales for 1638 gold pieces
 53091 | Depths:4 | Found a one-way gate to the infinite horrors of the Abyss.
 53382 | Depths:4 | Reached skill level 1 in Dodging
 53400 | Depths:4 | Gained mutation: A powerful demonic guardian rushes to your aid. [demonic ancestry]
 53400 | Depths:4 | Reached XP level 22. HP: 100/204 MP: 35/35
 53411 | Depths:4 | Reached skill level 15 in Long Blades
 53623 | Depths:4 | Reached skill level 19 in Fighting
 53722 | Depths:4 | Got a translucent glass ring
 53730 | Depths:4 | Identified the ring of Tender Moments {MP+9 Stlth+} (You found it on level 4 of the Depths)
 54654 | Depths:5 | Entered Level 5 of the Depths
 55016 | Depths:5 | Found Ubof's Assorted Antiques.
 55315 | Depths:5 | Found a gate to the Realm of Zot.
 55505 | Depths:5 | Found a gateway to a ziggurat.
 55678 | Depths:5 | Noticed a juggernaut
 55684 | Depths:5 | Killed a juggernaut
 55820 | Depths:5 | Noticed a golden dragon
 55827 | Depths:5 | Killed a golden dragon
 56140 | Depths:1 | Reached skill level 5 in Dodging
 56359 | Vaults:1 | Entered Level 1 of the Vaults
 56421 | Vaults:1 | Reached XP level 23. HP: 203/215 MP: 36/36
 56631 | Vaults:1 | Found Namielud's Magic Scroll Shop.
 56640 | Vaults:1 | Found a ruined gateway.
 56652 | Vaults:1 | Bought a scroll of magic mapping for 59 gold pieces
 56664 | Desolati | Entered the Desolation of Salt
 56664 | Desolati | Noticed wearedevo's ghost (adept HOAK)
 56687 | Desolati | Reached skill level 20 in Fighting
 56727 | Desolati | HP: 7/216 [ragged hierophant/a resonance strike (13)]
 56728 | Desolati | Killed wearedevo's ghost
 56814 | Desolati | HP: 8/216 [saltling (4)]
 56823 | Desolati | HP: 5/216 [saltling (8)]
 56828 | Desolati | HP: 9/216 [poisoned by a guardian serpent (bolt of poison)]
 57007 | Desolati | Got a fine copper amulet
 57009 | Desolati | Got a warped garnet amulet
 57011 | Desolati | Identified the amulet of the Prince of Darkness {Gourm rN++ MR- Dex+2 SInv} (You found it in the Desolation of Salt)
 57012 | Desolati | Identified the amulet of Generosity {Inacc rN+ Str+3 Int+4} (You found it in the Desolation of Salt)
 57153 | Desolati | Identified the Disquisition on Malediction
 57157 | Desolati | Identified the ring "Ceschigh" {rN++ Str+3 Dex-3} (You found it in the Desolation of Salt)
 57326 | Desolati | Identified the cursed +0 scale mail "Ziniwi Pume" {Str+2} (You found it in the Desolation of Salt)
 57330 | Desolati | Identified the cursed +0 plate armour "Gohouraj" {Int+4} (You found it in the Desolation of Salt)
 59702 | Vaults:2 | Got an encrusted arbalest
 59708 | Vaults:2 | Identified the cursed +1 arbalest of Fate {elec, rN+ SInv} (You found it on level 2 of the Vaults)
 60020 | Vaults:2 | You fall through a shaft!
 60611 | Vaults:3 | Gained mutation: You are very robust. (+20% HP) [demonic ancestry]
 60611 | Vaults:3 | Reached XP level 24. HP: 218/247 MP: 37/37
 60676 | Vaults:3 | Found a staircase to the Crypt.
 60814 | Vaults:3 | Reached skill level 21 in Fighting
 64454 | Vaults:5 | Entered Level 5 of the Vaults
 64670 | Vaults:5 | Reached skill level 22 in Fighting
 64670 | Vaults:5 | Gained mutation: You are extremely robust. (+30% HP) [demonic ancestry]
 64670 | Vaults:5 | Reached XP level 25. HP: 190/282 MP: 37/37
 65403 | Vaults:5 | Got a shimmering lead ring
 65571 | Vaults:5 | Identified the cursed +0 war axe of Propriety {pain, rF++} (You found it on level 5 of the Vaults)
 65590 | Vaults:5 | Identified the ring "Yxoih" {*Tele MR+ Str+4 Int+5} (You found it on level 5 of the Vaults)
 65627 | Vaults:5 | Identified the +8 bardiche "Tijapp" {vamp, rC+} (You found it on level 5 of the Vaults)
 65630 | Vaults:5 | Identified His Jula's Guide on Good Luck and Toxins
 65699 | Vaults:5 | Reached skill level 10 in Dodging
 66380 | Vaults:5 | Got a silver rune of Zot
 67137 | Zot:1    | Entered Level 1 of the Realm of Zot
 67498 | Zot:1    | Noticed an orb of fire
 67508 | Zot:1    | Killed an orb of fire
 68331 | Zot:2    | Reached skill level 23 in Fighting
 68337 | Zot:2    | Gained mutation: You frequently emit foul miasma when damaged in melee. [demonic ancestry]
 68337 | Zot:2    | Reached XP level 26. HP: 296/296 MP: 38/38
 70105 | Zot:3    | Cast into level 4 of the Abyss (a Zot trap)
 70123 | Abyss:5  | Entered Level 5 of the Abyss
 70198 | Abyss:5  | Gained mutation: Potions are less effective at restoring your health. [a neqoxec]
 70249 | Abyss:5  | Paralysed by accursed screaming for 1 turns
 70324 | Zot:3    | Escaped the Abyss
 71342 | Zot:4    | Reached skill level 24 in Fighting
 71675 | Zot:4    | Reached XP level 27. HP: 296/309 MP: 38/38
 71841 | Zot:5    | Entered Level 5 of the Realm of Zot
 71985 | Zot:5    | Got a vibrating pewter ring
 71987 | Zot:5    | Identified the ring "Irafroon" {Ice Str-2 Int+8 Dex+4 Slay-5} (You found it on level 5 of the Realm of Zot)
 72234 | Zot:5    | Noticed an ancient lich
 72239 | Zot:5    | Killed an ancient lich
 72571 | Zot:5    | Noticed an ancient lich
 72583 | Zot:5    | Killed an ancient lich
 72743 | Zot:5    | Noticed an ancient lich
 72750 | Zot:5    | Killed an ancient lich
 72829 | Zot:5    | Noticed an orb of fire
 72847 | Zot:5    | Killed an orb of fire
 72903 | Zot:5    | Noticed an ancient lich
 72916 | Zot:5    | Killed an ancient lich
 73007 | Zot:5    | Noticed an orb of fire
 73008 | Zot:5    | Gained mutation: Scrolls take you a little longer to read. [an orb of fire]
 73019 | Zot:5    | Killed an orb of fire
 73082 | Zot:5    | Noticed an orb of fire
 73095 | Zot:5    | Gained mutation: Armour fits poorly on your strangely shaped body. [an orb of fire]
 73101 | Zot:5    | Killed an orb of fire
 73500 | Zot:5    | Noticed an orb of fire
 73502 | Zot:5    | Gained mutation: Your spells are a little easier to cast, but a little less powerful. [an orb of fire]
 73509 | Zot:5    | Reached skill level 25 in Fighting
 73533 | Zot:5    | Killed an orb of fire
 73542 | Zot:5    | Noticed an orb of fire
 73567 | Zot:5    | Noticed an orb of fire
 73567 | Zot:5    | Killed an orb of fire
 73610 | Zot:5    | Killed an orb of fire
 73690 | Zot:5    | Noticed an orb of fire
 73704 | Zot:5    | Killed an orb of fire
 73810 | Zot:5    | Noticed an orb of fire
 73823 | Zot:5    | Killed an orb of fire
 73888 | Zot:5    | Noticed an orb of fire
 73910 | Zot:5    | Killed an orb of fire
 73959 | Zot:5    | Noticed an orb of fire
 73965 | Zot:5    | Noticed an orb of fire
 73966 | Zot:5    | Killed an orb of fire
 73989 | Zot:5    | Killed an orb of fire
 74086 | Zot:5    | Got the Orb of Zot
 74361 | Depths:4 | Noticed Jiurampal the pandemonium lord
 74361 | Depths:4 | Noticed an ancient lich
 74363 | Depths:4 | Killed an ancient lich
 74376 | Depths:4 | Killed Jiurampal the pandemonium lord
 74391 | Depths:4 | Noticed Liuz the pandemonium lord
 74459 | Depths:1 | Noticed Ofeolount the pandemonium lord
 74488 | Depths:1 | Killed Ofeolount the pandemonium lord
 74508 | Depths:1 | Noticed Seah the pandemonium lord
 74514 | Depths:1 | Killed Seah the pandemonium lord
 74540 | Depths:1 | Noticed Guloshreph the pandemonium lord
 74540 | Depths:1 | Noticed Wegeroch the pandemonium lord
 74550 | Depths:1 | Killed Wegeroch the pandemonium lord
 74562 | Depths:1 | Noticed Neupac the pandemonium lord
 74562 | Depths:1 | HP: 6/317 [hellion/damnation[Guloshreph] (28)]
 74565 | Depths:1 | Killed Guloshreph the pandemonium lord
 74580 | Depths:1 | Killed Neupac the pandemonium lord
 74969 | D:11     | Reached skill level 26 in Fighting
 75270 | D:$      | Escaped with the Orb!

Vault maps used:
D:1:      saegor_arrival_simple_c, minmay_misc_feat_tiny, minmay_small_reverse_x
D:2:      first_bread
D:3:      portal_sewer_entry_f, minmay_joined_circles
D:4:      kennysheep_mini_moat, uniq_menkaure
D:6:      temple_hall, st_stairs_9, hangedman_abyss_or_decor_stagger
D:7:      kennysheep_slugbush, serial_shops, shop, shop, the_bakery,
          minmay_a_box_with_orc_wizards_in_it, uniq_crazy_yiuf_cottage
D:8:      grunt_lair_entry_orc_guard_hut, serial_shops, shop
D:9:      uniq_erica, uniq_gastronok
D:10:     minmay_goldmine, hiddenorc1_lemuel
D:11:     serial_shops, kennysheep_little_box, uniq_fannar
D:12:     uniq_rupert
D:13:     david_vaults_4
D:14:     cheibrodos_tormentor_scu, serial_shops, shop, dk_noncrumbling_4,
          uniq_urug
D:15:     grunt_enter_depths_snipers, uniq_roxanne
Temple:   regret_index_temple_sigil_plot
Lair:1:   minmay_lair_oklob_chamber, lemuel_fruit_tree
Lair:2:   dummy_snake_entry, nicolae_quartered_pool_medium, minivault_27
Lair:3:   minmay_shoals_entry_lonely_mermaid, portal_ice_cave_entry_ice_beasts,
          grunt_forest_large_clearings
Lair:4:   lab_entry_generic, infiniplex_staircase_pool_2, serial_bayou_shore_a
Lair:5:   minivault_27, grunt_megastairs_5, infiniplex_staircase_pool
Lair:6:   wormcave, nicolae_slime_entry_slimehenge, grunt_megastairs_3
Shoals:1: serial_shops, shop
Shoals:3: wheals_shoals_ruined_temple
Shoals:4: shoals_end_simple, shoals_ilsuiw_alternative
Snake:1:  hangedman_snake_sidewinding
Snake:3:  special_room, spider_trap, minmay_shop_grove, basic_stair_grate_trap
Snake:4:  johnstein_snake_rune_scales, basic_altar, serial_bayou_shore_b
Orc:1:    gammafunk_beogh_shrine
Orc:2:    grunt_orc_cross, serial_shops, shop_fountains, special_room
Elf:1:    hangedman_elf_represent, st_stairs_7, uniq_agnes
Elf:2:    serial_shops, nicolae_shop_window_shopping
Elf:3:    minmay_elf_hall_statues, basic_altar, serial_shops,
          nicolae_shop_trees, uniq_bai_suzhen, uniq_aizul
Vaults:1: nicolae_vaults_diagonal_hallway_8, v_misc_26, v_misc_12, v_misc_2,
          nicolae_vaults_little_squares_3, ontoclasm_vaults_ring_square,
          v_misc_4, grunt_vaults_funnel, nicolae_vaults_stairing_the_circle,
          vaults_dpeg_doors, vaults_dpeg_hooks, v_misc_17,
          vaults_dpeg_encased_lava, nicolae_vaults_asterisk,
          ontoclasm_vaults_decontamination, portal_desolation_entry_garden,
          serial_shops, nicolae_shop_waterfront
Vaults:2: nicolae_vaults_yaktaur_gun_rack, v_misc_15, grunt_vaults_twisty,
          hangedman_vaults_trim, nicolae_vaults_alarming, v_misc_10,
          grunt_vaults_focal, hangedman_vaults_slice, vaults_room_door_ring,
          ontoclasm_vaults_gallery, v_alt_pattern_4, ontoclasm_vaults_gateway,
          ontoclasm_vaults_shuriken, grunt_vaults_hallway_short
Vaults:3: st_spiral_rooms, ontoclasm_vaults_tryst, v_alt_pattern_1, v_misc_27,
          minmay_crypt_entry_skeletal_spiral, grunt_vaults_hallway_short,
          hangedman_vaults_locks, nicolae_vaults_little_squares_3,
          ontoclasm_vaults_claustrophobia, vaults_room_pools
Vaults:4: v_pattern_5, v_misc_16, v_misc_14, hangedman_vaults_nodes, st_lines,
          v_misc_5, v_misc_1, ontoclasm_vaults_loading_screen,
          nicolae_vaults_network_quincunx, vaults_room_hallway, v_misc_22,
          vaults_mumra_minichess, v_misc_13, ontoclasm_vaults_misaligned
Vaults:5: serial_shops
Depths:1: lightli_too_deep, kennysheep_flooded_box, minmay_misc_feat_alley,
          minmay_fire_ice_demons, uniq_enchantress
Depths:2: minmay_textured_paths, grunt_hell_entry_dis_grunt,
          serial_sigils_hangedman_gut, pan_entry,
          hangedman_abyss_or_decor_lesser_grid, serial_bayou_shore_b
Depths:3: kennysheep_spiral_hall, dk_noncrumbling_3,
          hangedman_tar_grid_catacomb, pan_entry,
          hangedman_abyss_or_decor_stabs, kennysheep_dice, uniq_frederick
Depths:4: minmay_skeleton_keep, abyss_entry, hell_entry, rand_demon_pan_entry_4,
          serial_shops, bzr_entry_road
Depths:5: grunt_zot_entry_bicorn, enter_ziggurat_f, serial_shops, shop,
          abandoned_shop, hell_entry, lightli_fourway_metalbox
Zot:2:    hangedman_spider_trapstep
Abyss:4:  evilmike_abyss_exit_1, evilmike_abyss_exit_glass,
          nicolae_abyss_rune_left_handed
Abyss:5:  evilmike_abyss_exit_4, gammafunk_abyss_rune_reverse_zot,
          evilmike_abyss_exit_5, evilmike_abyss_exit_10
Lab:      nicolae_lab_dead_adventurers, nicolae_lab_x,
          labyrinth_skeletal_remains, nicolae_lab_grate_2
Bazaar:   bazaar_jpeg_honeycomb
Sewer:    sewer_co_15_rooms
IceCv:    ice_cave_caverns_01

Skill      XL: |  1  2  3  4  5  6  7  8  9 10 11 12 13 14 15 16 17 18 19 20 21 22 23 24 25 26 27 |
---------------+----------------------------------------------------------------------------------+-----
Axes           | 2 3 |  3.5
Shields        | 3 4 5 6 7 8 9 10 11 12 13 14 15 | 15.5
Armour         | 3 4 5 6 7 8 9 10 11 12 13 14 | 14.9
Fighting       | 4 5 6 7 8 9 10 11 12 13 14 15 16 17 18 19 20 22 23 24 26 | 26.0
Long Blades    | 1 2 4 5 6 7 8 9 10 11 12 13 14 15 16 17 18 19 | 19.4
Invocations    | 3 6 8 10 11 12 13 14 16 17 18 19 20 21 22 23 25 | 25.0
Evocations     | 2 4 6 7 9 10 11 12 13 14 15 16 17 18 19 20 | 20.5
Dodging        | 1 5 7 9 10 12 14 | 14.3

Action                   |  1- 3 |  4- 6 |  7- 9 | 10-12 | 13-15 | 16-18 | 19-21 | 22-24 | 25-27 || total
-------------------------+-------+-------+-------+-------+-------+-------+-------+-------+-------++-------
Melee: War axe           |   154 |   325 |       |       |       |       |       |       |       ||   479
       Falchion          |       |    24 |   413 |   277 |       |       |       |       |       ||   714
       Kick              |       |    20 |   116 |     4 |   459 |   692 |   743 |   983 |  1184 ||  4201
       Scimitar          |       |       |       |   515 |  1343 |  1114 |       |       |       ||  2972
       Headbutt          |       |       |       |       |       |   487 |   488 |   646 |   793 ||  2414
       Double sword      |       |       |       |       |       |   489 |  1492 |  1663 |  2063 ||  5707
 Fire: Heavy crossbow    |       |       |       |       |       |    22 |       |       |       ||    22
Invok: Elemental Force   |       |       |       |     2 |       |       |     3 |     1 |     2 ||     8
       Upheaval          |       |       |       |     1 |     3 |       |       |       |     1 ||     5
       Disaster Area     |       |       |       |       |     4 |     3 |     2 |     8 |     8 ||    25
 Abil: Evoke Invisibilit |       |       |       |       |     1 |       |       |       |       ||     1
       Blink             |       |       |       |       |       |       |       |     1 |       ||     1
Evoke: Wand              |       |       |     4 |    10 |     3 |    18 |     2 |     3 |       ||    40
       Phantom mirror    |       |       |       |       |       |     1 |       |       |     5 ||     6
       Sack of spiders   |       |       |       |       |       |     1 |       |       |       ||     1
  Use: Scroll            |       |     4 |    10 |     8 |    10 |    17 |    14 |    15 |    11 ||    89
       Potion            |       |     2 |     1 |       |     8 |    10 |     8 |     7 |     6 ||    42
 Stab: Distracted        |       |       |     3 |     3 |    13 |    11 |     5 |     8 |    16 ||    59
       Paralysed         |       |       |    11 |       |       |       |       |       |       ||    11
       Invisible         |       |       |       |       |     4 |       |       |       |     6 ||    10
       Confused          |       |       |       |       |       |       |       |       |     2 ||     2
       Held in net/web   |       |       |       |       |       |       |       |       |     3 ||     3
  Eat: Chunk             |     1 |    11 |     8 |    16 |    27 |    48 |    58 |    34 |    25 ||   228
       Royal jelly       |       |     1 |       |     1 |     1 |     1 |       |     1 |     2 ||     7
       Bread ration      |       |       |     2 |       |     1 |     2 |     1 |       |       ||     6
       Fruit             |       |       |       |     3 |    13 |    12 |     3 |     2 |     5 ||    38
       Meat ration       |       |       |       |       |       |     2 |       |       |     1 ||     3
Armor: Scale mail        |    53 |       |       |       |       |       |       |       |       ||    53
       Ring mail         |    21 |    62 |       |       |   104 |       |       |       |       ||   187
       Plate armour      |       |   148 |   227 |   377 |   441 |   697 |   579 |       |       ||  2469
       Fire dragon scale |       |       |       |       |       |       |    45 |   531 |   594 ||  1170
       Chain mail        |       |       |       |       |       |       |     7 |       |       ||     7
Dodge: Dodged            |    50 |    71 |    63 |    98 |   225 |   274 |   280 |   447 |   740 ||  2248
       Deflected         |       |       |       |     2 |     8 |    59 |    23 |    27 |    64 ||   183
Block: Shield            |    97 |   183 |   215 |   600 |  1301 |  1977 |  1745 |  1881 |  2085 || 10084
       Reflection        |       |       |       |       |       |   160 |   165 |    83 |    49 ||   457
       Other             |       |       |       |       |       |     1 |       |       |       ||     1
       Rpst.: Falchion   |       |     1 |    15 |     5 |       |       |       |       |       ||    21
       Scimitar          |       |       |       |    22 |    52 |    23 |       |       |       ||    97
       Double sword      |       |       |       |       |       |    16 |    35 |    81 |    93 ||   225
